 Dungeon Crawl Stone Soup version 0.29.0-5-ge4962eb29e (webtiles) character file.

Game seed: 18308088633042773522

7 Arcadio the Firebug (level 1, 0/14 HPs)
             Began as a Draconian Fire Elementalist on Aug 29, 2022.
             Slain by a hobgoblin (4 damage)
             ... on level 1 of the Dungeon.
             The game lasted 00:00:34 (118 turns).

Arcadio the Firebug (Draconian Fire Elementalist)    Turns: 118, Time: 00:00:35

Health: 0/14       AC:  4    Str: 10    XL:     1   Next: 91%
Magic:  0/3        EV: 12    Int: 15    God:
Gold:   0          SH:  0    Dex: 11    Spells: 3/4 levels left

rFire   . . .      SeeInvis .   (no weapon)
rCold   . . .      Faith    .   (no shield)
rNeg    . . .      Spirit   .   (body armour unavailable)
rPois   .          Reflect  .   (helmet restricted)
rElec   .          Harm     .   (no cloak)
rCorr   .          Rampage  .   (no gloves)
Will    .....                   (no boots)
Stlth   ++........              (no amulet)
HPRegen 0.04/turn               (no ring)
MPRegen 0.08/turn               (no ring)

@: no status effects
A: AC +4, unfitting armour, cold-blooded
a: no special abilities


You were on level 1 of the Dungeon.
You visited 1 branch of the dungeon, and saw 1 of its levels.

Inventory:

Potions
 a - a potion of magic


   Skills:
 + Level 2.0 Dodging
 - Level 1.7 Stealth
 + Level 2.2 Spellcasting
 - Level 1.0 Conjurations
 + Level 3.1 Fire Magic


You had 3 spell levels left.
You knew the following spells:

 Your Spells              Type           Power      Damage    Failure   Level
a - Foxfire               Conj/Fire      28%        2x1d5     10%         1

Your spell library contained the following spells:

 Spells                   Type           Power      Damage    Failure   Level
 Scorch                   Fire           22%        2d6       9%          2
 Conjure Flame            Conj/Fire      7%         6-21      28%         3
 Inner Flame              Hex/Fire       6%         N/A       34%         3
 Flame Wave               Conj/Fire      7%         2d5       67%         4


Dungeon Overview and Level Annotations

Branches:
Dungeon (1/15) Zot: 5882

Altars:


Innate Abilities, Weirdness & Mutations

Your plain brown scales are hard. (AC +4)
You cannot fit into any form of body armour.
You are cold-blooded and may be slowed by cold attacks.


Message History

The foxfire hits the hobgoblin but does no damage.
The hobgoblin attacks as you move away! The hobgoblin closely misses you.
The hobgoblin attacks as you move away! The hobgoblin closely misses you.
The hobgoblin attacks as you move away!
The hobgoblin hits you but does no damage.
Casting: Foxfire (safe; 10% risk of failure)
Confirm with . or Enter, or press ? or * to list all spells.
You conjure some foxfire!
The hobgoblin hits you but does no damage.
The foxfire hits the kobold.
You kill the kobold!
The foxfire hits the hobgoblin.
The hobgoblin is heavily wounded.
Casting: Foxfire (safe; 10% risk of failure)
Confirm with . or Enter, or press ? or * to list all spells.
You don't have enough magic to cast this spell.
The hobgoblin attacks as you move away! The hobgoblin misses you.
An endoplasm comes into view.
The endoplasm moves out of view.
The endoplasm quivers.
The hobgoblin attacks as you move away! The hobgoblin misses you.
The endoplasm barely misses you. The hobgoblin attacks as you move away!
The hobgoblin hits you. The endoplasm barely misses you.
The endoplasm attacks as you move away!
The endoplasm hits you but does no damage.
The endoplasm jiggles.
Casting: Foxfire (safe; 10% risk of failure)
Confirm with . or Enter, or press ? or * to list all spells.
You conjure some foxfire!
The hobgoblin hits you.
* * * LOW HITPOINT WARNING * * *
The foxfire hits the endoplasm.
The endoplasm is severely wounded.
The hobgoblin attacks as you move away!
The hobgoblin hits you but does no damage.
The foxfire hits the endoplasm.
You kill the endoplasm!
You see here a jackal corpse.
The hobgoblin attacks as you move away! The hobgoblin hits you.
You die...

# #.....#
###.#.....#
....##...)#
#.........#
..........#
######....#
.......†..+
######.g..#
#.@..#
#....#
###.## #.#
#.# #.##
#..#
♣♣♣♣♣.♣♣♣
♣......<♣


You could see a hobgoblin.

Vanquished Creatures
  A bat (D:1)
  2 endoplasms (D:1)
  2 jackals (D:1)
  A kobold (D:1)
6 creatures vanquished.

Vanquished Creatures (others)
  16 foxfires (D:1)
  3 plants (D:1)
19 creatures vanquished.

Grand Total: 25 creatures vanquished

Notes
Turn   | Place    | Note
-------+----------+-------------------------------------------
     0 | D:1      | Arcadio the Draconian Fire Elementalist began the quest for
                  | the Orb.
     0 | D:1      | Reached XP level 1. HP: 14/14 MP: 3/3
   118 | D:1      | Slain by a hobgoblin

Illustrated notes

Levels and vault maps discovered:
D:1:      tarquinn_simple_flora_water_a, layout_basic

Skill      XL: |  1 |
---------------+----+-----
Dodging        | 2 |  2.0
Stealth        | |  1.7
Spellcasting   | |  2.2
Conjurations   | |  1.0
Fire Magic     | |  3.1

Action                   || total
-------------------------++-------
Melee: Unarmed           ||     1
 Cast: Foxfire           ||    10
Armor: Skin              ||     6
Dodge: Dodged            ||    19
